 Dungeon Crawl Stone Soup version 0.28.0-49-g6dfe1f597d (webtiles) character file.

Game seed: 13749821138683346167

112 Peloso the Covered (level 4, -2/40 HPs)
             Began as a Minotaur Fighter on May 14, 2022.
             Killed by divine providence
             ... invoked by an orc priest
              (15 damage)
             ... on level 3 of the Dungeon.
             The game lasted 00:02:54 (2141 turns).

Peloso the Covered (Minotaur Fighter)               Turns: 2141, Time: 00:02:55

Health: -2/40      AC:  7    Str: 20    XL:     4   Next: 63%
Magic:  3/3        EV:  9    Int:  5    God:
Gold:   58         SH:  5    Dex: 12    Spells: 3/3 levels left

rFire   . . .      SeeInvis .   a - +0 long sword
rCold   . . .      Faith    .   c - +0 buckler
rNeg    . . .      Spirit   .   b - +0 scale mail
rPois   .          Reflect  .   (helmet restricted)
rElec   .          Harm     .   (no cloak)
rCorr   .          Rampage  .   (no gloves)
Will    .....                   (no boots)
Stlth   ..........              (no amulet)
HPRegen 0.13/turn               (no ring)
MPRegen 0.08/turn               (no ring)

@: no status effects
A: horns 2, retaliatory headbutt
a: no special abilities


You were on level 3 of the Dungeon.
You visited 1 branch of the dungeon, and saw 3 of its levels.

You collected 58 gold pieces.

Inventory:

Hand Weapons
 a - a +0 long sword (weapon)
Missiles
 e - a throwing net (quivered)
Armour
 b - a +0 scale mail (worn)
 c - a +0 buckler (worn)
Jewellery
 i - a ring of see invisible
Scrolls
 f - 3 scrolls of teleportation
 j - 2 scrolls of magic mapping
 k - a scroll of amnesia
 l - a scroll of blinking
 m - a scroll of enchant armour {unknown}
Potions
 d - 2 potions of might
 g - a potion of curing
 h - a potion of flight {unknown}


   Skills:
 + Level 4.2 Fighting
 + Level 3.8 Long Blades
 + Level 4.7 Armour
 + Level 0.5 Dodging
 + Level 4.3 Shields


You had 3 spell levels left.
You didn't know any spells.
Your spell library was empty.

Dungeon Overview and Level Annotations

Branches:
Dungeon (3/15)

Altars:
The Shining One

Annotations:
D:3 3 runed translucent doors, Gabide's ghost, amateur HuMo


Innate Abilities, Weirdness & Mutations

You have a pair of horns on your head.
You reflexively headbutt those who attack you in melee.


Message History

The gnoll is heavily wounded.
The gnoll hits you with a +0 whip. The gnoll closely misses you.
You hit the gnoll.
You kill the gnoll!
The gnoll hits you with a +0 whip. The gnoll closely misses you.
You see here a +0 club.
You hit the gnoll.
The gnoll is severely wounded.
The gnoll hits you with a +0 whip.
You barely miss the gnoll. Your headbutt misses the gnoll.
The gnoll is severely wounded.
The gnoll hits you with a +0 whip. The gnoll closely misses you.
You furiously retaliate!
You headbutt the gnoll!
You kill the gnoll!
Things that are here:
a +0 whip; a +0 club; a gnoll corpse
Things that are here:
a +0 whip; a +0 club; a gnoll corpse A gnoll and an orc come into view.
The gnoll shouts!
An orc priest comes into view. It is wielding a +0 trident.
The gnoll barely misses you.
Found a ring of fire.
Found a stone staircase leading up.
Gabide's ghost turns its malevolent gaze towards you.
The gnoll hits you from afar with a +0 halberd!
Found a robe and 11 gold pieces.
You block the orc priest's attack.
Gabide's ghost whispers, "Trust me.
Just give in."
The gnoll hits you with a +0 halberd. The orc priest closely misses you.
You hit the gnoll.
The gnoll is heavily wounded.
The gnoll hits you with a +0 halberd.
The orc priest hits you from afar with a +0 trident.
The gnoll hits you with a +0 halberd.
You slash the gnoll!
You kill the gnoll!
The orc priest barely misses you. The orc barely misses you.
The orc priest invokes the aid of Beogh against you.
Beogh smites you!
You die...

..#.. #. #...=.
#..#..#.#
#.#..##..#.....
#..#..# #.#..#
.......###..##..#
..#..#
...ZZZW....#...#
.##... ####...##...#
.#
...####..#####).###.#
#.......o)..).......#
...........##########
##<......o.@.......
#.........######..
#.........#
#.........#
#.........#
#..........
.......... .........


You could see an orc priest, an adder simulacrum, a hound simulacrum and an orc.

Vanquished Creatures
  3 gnolls (D:3)
  An adder (D:2)
  3 worms (D:2)
  A dart slug (D:2)
  4 bats
  5 endoplasms
  4 giant cockroaches
  4 hobgoblins
  4 jackals (D:1)
  A quokka (D:3)
  8 ball pythons
  4 frilled lizards
  7 goblins
  5 kobolds
  2 rats (D:1)
56 creatures vanquished.

Notes
Turn   | Place    | Note
-------+----------+-------------------------------------------
     0 | D:1      | Peloso the Minotaur Fighter began the quest for the Orb.
     0 | D:1      | Reached XP level 1. HP: 19/19 MP: 0/0
   157 | D:1      | Reached XP level 2. HP: 11/27 MP: 1/1
   695 | D:1      | Found a faded altar of an unknown god.
  1291 | D:2      | Reached XP level 3. HP: 33/33 MP: 2/2
  1412 | D:2      | Found a glowing golden altar of the Shining One.
  1636 | D:2      | Reached XP level 4. HP: 40/40 MP: 3/3
  1947 | D:3      | Found a runed translucent gate.
  1948 | D:3      | Found a runed translucent gate.
  1949 | D:3      | Found a runed translucent gate.
  2133 | D:3      | Noticed Gabide's ghost (amateur HuMo)
  2141 | D:3      | Killed from afar by an orc priest

Illustrated notes

Levels and vault maps discovered:
D:1:      dpeg_arrival_chambers_temple_mockup, layout_loops_corners,
          hellmonk_ecumenical_altar_prayer_group, st_stairs_11, minivault_5
D:2:      layout_rooms, basic_altar
D:3:      layout_basic, jmf_multi_god_temple2, gammafunk_ghost_icy,
          item_on_display_a, uniq_jessica, uniq_grinder, uniq_sigmund

Skill      XL: |  1  2  3 |
---------------+----------+-----
Armour         | 4 |  4.7
Shields        | 4 |  4.3
Long Blades    | 3 |  3.8
Fighting       | 4 |  4.2
Dodging        | |  0.5

Action                   |  1- 3 |  4- 6 || total
-------------------------+-------+-------++-------
Melee: Long sword        |    88 |    22 ||   110
       Headbutt          |     6 |     1 ||     7
  Use: Scroll            |     2 |     3 ||     5
       Potion            |     2 |       ||     2
Armor: Scale mail        |    57 |     9 ||    66
Dodge: Dodged            |    58 |    14 ||    72
Block: Buckler           |    38 |     4 ||    42
